 Dungeon Crawl Stone Soup version 0.27.0-1-g7a089689b8 (webtiles) character file.

Game seed: 8823400241760756758

46 Fv001 the Skirmisher (level 3, 0/29 HPs)
             Began as a Demonspawn Fighter on Aug 10, 2021.
             Slain by a hobgoblin (3 damage)
             ... led by Robin
             ... on level 2 of the Dungeon.
             The game lasted 00:02:18 (1339 turns).

Fv001 the Skirmisher (Demonspawn Fighter)           Turns: 1339, Time: 00:02:18

Health: 0/29       AC:  6    Str: 16    XL:     3   Next: 46%
Magic:  3/3        EV:  7    Int:  9    God:
Gold:   27         SH:  9    Dex: 13    Spells: 2/2 levels left

rFire    . . .     SeeInvis .   a - +0 war axe
rCold    . . .     Faith    .   c - +0 kite shield
rNeg     . . .     Spirit   .   b - +0 scale mail
rPois    .         Reflect  .   (no helmet)
rElec    .         Harm     .   (no cloak)
rCorr    .         Rampage  .   (no gloves)
Will     .....                  (no boots)
Stlth    ..........             (no amulet)
HPRegen  0.09/turn              (no ring)
MPRegen  0.08/turn              (no ring)

@: mighty, flying
A: foul stench 1
a: no special abilities


You were on level 2 of the Dungeon.
You visited 1 branch of the dungeon, and saw 2 of its levels.

You collected 27 gold pieces.

Inventory:

Hand Weapons
 a - a +0 war axe (weapon)
Armour
 b - a +0 scale mail (worn)
 c - a +0 kite shield (worn)
Scrolls
 g - a scroll of blinking {unknown}
 i - a scroll of magic mapping {unknown}
 j - a scroll of identify {unknown}
Potions
 f - a potion of lignification {unknown}
 h - a potion of brilliance {unknown}


   Skills:
 + Level 3.3 Fighting
 + Level 2.2 Axes
 + Level 3.0 Armour
 + Level 0.8 Dodging
 + Level 3.0 Shields
 + Level 1.1 Invocations


You had 2 spell levels left.
You didn't know any spells.
Your spell library contained the following spells:

 Spells                   Type           Power      Damage    Failure   Level
 Animate Skeleton         Necr           0%         N/A       100%        1
 Beastly Appendage        Tmut           0%         N/A       100%        1
 Pain                     Necr           0%         1d4       100%        1
 Wereblood                Tmut           0%         N/A       100%        2
 Spider Form              Tmut/Pois      0%         N/A       100%        3
 Vampiric Draining        Necr           0%         2d6       100%        3
 Agony                    Necr           0%         N/A       100%        5
 Excruciating Wounds      Necr           0%         N/A       100%        5


Dungeon Overview and Level Annotations

Branches:
Dungeon (2/15)

Altars:

Annotations:
D:2 Robin


Innate Abilities, Weirdness & Mutations

You may rarely emit foul miasma when damaged in melee.


Message History

You barely miss the goblin. You hit the goblin.
You kill the goblin!
You barely miss the goblin. You block the goblin's attack.
The goblin hits you but does no damage. x2
You barely miss Robin. You hit the goblin but do no damage.
You closely miss the goblin. Robin barely misses you.
The goblin completely misses you. You block the goblin's attack.
Robin hits you but does no damage. The goblin hits you but does no damage.
You closely miss Robin. You slash the goblin!
You kill the goblin!
You slash the goblin!
You kill the goblin!
You block Robin's attack.
You barely miss Robin. You hit the hobgoblin but do no damage.
The hobgoblin hits you but does no damage.
Robin hits you but does no damage. You block the hobgoblin's attack.
You slash Robin!
Robin is moderately wounded.
You barely miss the hobgoblin.
The hobgoblin no longer looks unusually strong.
Robin hits you with a +0 mace. You block the hobgoblin's attack.
Robin hits you with a +0 mace. The hobgoblin closely misses you.
Unknown command.
You feel very mighty all of a sudden. You block Robin's attack.
The hobgoblin hits you.
* * * LOW HITPOINT WARNING * * *
Okay, then.
Robin roars a battlecry!
The hobgoblin goes into a battle-frenzy!
Your shield prevents you from hitting the hobgoblin.
The hobgoblin hits you.
* * * LOW HITPOINT WARNING * * *
Okay, then.
Okay, then.
You aren't carrying any items that you can evoke.
Okay, then.
It was a potion of flight.
You feel very buoyant.
You fly up into the air.
The hobgoblin hits you.
You die...

#.# #.# #
#<# #. ###
#.# > ..#
#.# #.#.#
#.#
#.#.####.##
#####.#
#.)g)......
......# #g#
####### #@#
#.# #.# #.#
#.# #.#
##.# #..#
.# #.## #.#


You could see Robin and a hobgoblin (strong).

Vanquished Creatures
  3 dart slugs (D:1)
  5 ball pythons (D:1)
  3 endoplasms (D:1)
  A giant cockroach (D:1)
  10 goblins
  2 hobgoblins
  6 jackals (D:1)
  A kobold (D:1)
  A quokka (D:1)
  A bat (D:1)
  A frilled lizard (D:1)
  2 rats (D:1)
36 creatures vanquished.

Notes
Turn   | Place    | Note
-------+----------+-------------------------------------------
     0 | D:1      | Fv001 the Demonspawn Fighter began the quest for the Orb.
     0 | D:1      | Reached XP level 1. HP: 18/18 MP: 1/1
   364 | D:1      | Found a faded altar of an unknown god.
   496 | D:1      | Gained mutation: You may rarely emit foul miasma when
                  | damaged in melee. [demonic ancestry]
   496 | D:1      | Reached XP level 2. HP: 24/24 MP: 2/2
   886 | D:1      | Reached XP level 3. HP: 29/29 MP: 3/3
   999 | D:1      | Reached skill level 1 in Invocations
  1322 | D:2      | Noticed Robin
  1339 | D:2      | Slain by a hobgoblin

Illustrated notes

Levels and vault maps discovered:
D:1:      evilmike_arrival_hilbert_curve, layout_loops_corners,
          ebering_ecumenical_altar_petrified
D:2:      layout_loops_ring, uniq_robin

Skill      XL: |  1  2  3 |
---------------+----------+-----
Axes           | 2 |  2.2
Shields        | 3 |  3.0
Invocations    | 1 |  1.1
Armour         | 3 |  3.0
Fighting       | |  3.3
Dodging        | |  0.8

Action                   || total
-------------------------++-------
Melee: War axe           ||    77
  Use: Potion            ||     2
Armor: Scale mail        ||    53
Dodge: Dodged            ||    27
Block: Kite shield       ||    56
